 Dungeon Crawl Stone Soup version 0.32-a0-995-gb4a59205af (webtiles) character file.

Game seed: 2944769917559586761

364 Bediveer the Cudgeller (level 6, -2/90 HPs)
             Began as a Naga Fighter on Apr 22, 2024.
             Slain by a crocodile (9 damage)
             ... in a sewer.
             The game lasted 00:03:18 (2123 turns).

Bediveer the Cudgeller (Naga Fighter)               Turns: 2123, Time: 00:03:19

Health: -2/90      AC: 23    Str: 20    XL:     6   Next: 67%
Magic:  6/6        EV:  1    Int:  9    God:
Gold:   60         SH:  4    Dex: 10    Spells: 5/5 levels left

rFire   . . .        a - +0 flail
rCold   . . .        c - +0 buckler
rNeg    . . .        k - melded +0 chain mail
rPois   +            (helmet currently unavailable)
rElec   .            d - melded +2 cloak {rCorr}
rCorr   .            (gloves currently unavailable)
SInv    +            (no barding)
Will    .....        (no amulet)
Stlth   +            (no ring)
HPRegen 0.35/turn    (no ring)
MPRegen 0.10/turn

%: no passive effects
@: short of breath, tree-form
A: stationary, stasis, torment immunity, boosted hp, AC +2, large, see
invisible, (deformed body), (poison resistance), (slowness 2), spit poison 1,
(naga tail 1), (iridescent scales 1), (large bone plates 1), (fire resistance 1)
a: Spit Poison


You were in a sewer.
You were a tree.
You visited 1 branch of the dungeon, and saw 3 of its levels.
You also visited: Sewer.

You collected 60 gold pieces.

Inventory:

Hand Weapons
 a - a +0 flail (weapon)
Missiles
 f - 14 poisoned darts
Armour
 b - a +0 scale mail
 c - a +0 buckler (worn)
 d - a +2 cloak of preservation (melded)
 k - a +0 chain mail (melded)


   Skills:
 + Level 4.8 Fighting
 * Level 5.7 Maces & Flails
 - Level 2.4 Armour
 - Level 2.6 Shields


You had 5 spell levels left.
You didn't know any spells.
Your spell library contained the following spells:

 Spells                   Type           Power      Damage    Failure   Level
 Freeze                   Ice            0%         1d3       45%         1
 Frozen Ramparts          Ice            0%         1d1       83%         3
 Hailstorm                Conj/Ice       0%         3d5       83%         3


Dungeon Overview and Level Annotations

Branches:
Dungeon (3/15)              Sewer (1/1)

Altars:


Innate Abilities, Weirdness & Mutations

You are a tree.
Your roots penetrate the ground, keeping you stationary.
You cannot be teleported.
You are immune to unholy pain and torment.
Your maximum health is greatly increased.
Your equipment is partially melded.
((Your serpentine skin is tough. (AC +2)))
You have supernaturally acute eyesight. (SInv)
((Armour fits poorly on your strangely shaped body.))
((Your system is resistant to poisons. (rPois)))
((You cover ground very slowly.))
You can spit poison.
((You have a snake-like lower body.))
((You are partially covered in iridescent scales. (AC +2)))
((You are partially covered in large bone plates. (SH +4)))
((Your flesh is heat resistant. (rF+)))


Message History

Large bone plates grow over parts of your arms.
The crocodile bites you but does no damage.
Unknown command.
Okay, then.
As you read the scroll labelled NISTROA WUFO, it crumbles to dust.
It is a scroll of identify.
g - a scroll of blinking The crocodile bites you!
* * * LOW HITPOINT WARNING * * *
Blink to where?
Press: ? - help, Dir - move target
As you read the scroll of blinking, it crumbles to dust.
You enter the shallow water.
As you read the scroll labelled EGGAEG YPTAI, it crumbles to dust.
You feel aware of your surroundings.
You sensed 1 shop/portal.
It was a scroll of revelation.
As you read the scroll labelled GEWIB LIQISKIGG, it dissolves into smoke.
It was a scroll of fog.
The crocodile closely misses you.
You enter the shallow water.
The crocodile attacks as it pursues you!
The crocodile bites you.
* * * LOW HITPOINT WARNING * * *
The crocodile drags you backwards!
You aren't carrying any scrolls.
You turn into a tree.
Your +2 cloak of preservation melds into your body.
Your +0 chain mail melds into your body.
Your roots penetrate the ground.
The crocodile bites you but does no damage.
Aiming: Spit Poison (1% risk of failure)
Press: ? - help, Shift-Dir - straight line, f - crocodile
Aim: a crocodile (grey smoke, lightly wounded, 50% to hit)
The splash of poison hits the crocodile!
The crocodile is poisoned.
The crocodile is heavily wounded.
The crocodile bites you but does no damage.
You barely miss the crocodile.
The crocodile is heavily wounded.
The crocodile bites you!
You die...

~*~≈≈≈≈≈≈≈.~..## #~# ###..~.~.##
~*≈≈≈≈≈≈≈≈~.~..####~###..~..~..#*
~*≈≈≈≈≈≈≈≈.~..~~.##)#...~#~#~..~#
~*≈########P~.~~....÷÷~~.#~#.....
~*~~~~≈≈≈≈P.~~..~~~~.P÷.~#~#~~...
~*~**######P.~...~.~..~~.#~#..PP~
~*~~~≈≈≈≈≈≈.~.§§§§§.#~#..#~#...P#
~*~~~≈≈≈≈≈≈...§§§§§~#~######**#~#
~*~~~≈≈≈≈≈≈.~.§§♣§§.#~#~~~~~~~~,,
~*,~~≈≈≈≈≈≈≈.~Pl§§§.#~##*******,*
,,,,~≈≈≈≈≈≈≈~.§P§§§.#~PP*,,,****,
,.############.~P~.~#~##,*~~~* **
,.~rrlr)lr~~~~~P.~..#~##***,**
~~############~..~.~#~## **#####
,,~,~~≈≈≈≈≈≈~~.~~.~~#~### ###..~#
,,,,~~≈≈≈≈≈≈..~..~...~~.# #.~~~~.
,~~~~~≈≈≈≈≈≈~..~~.###########P.~~


You could see a crocodile (poisoned).

Vanquished Creatures
  A brain worm (Sewer)
  3 kobold brigands (Sewer)
  Crazy Yiuf (D:2)
  An adder (Sewer)
  2 river rats (Sewer)
  A dart slug (D:2)
  2 ribbon worms
  4 ball pythons
  3 endoplasms
  3 giant cockroaches
  2 hobgoblins
  3 jackals (Sewer)
  2 bats
  5 frilled lizards
  A goblin (D:1)
  A kobold (D:1)
  7 rats
42 creatures vanquished.

Notes
Turn   | Place    | Note
-------+----------+-------------------------------------------
     0 | D:1      | Bediveer the Naga Fighter began the quest for the Orb.
     0 | D:1      | Reached XP level 1. HP: 21/21 MP: 1/1
   645 | D:1      | Reached XP level 2. HP: 28/28 MP: 2/2
   871 | D:2      | Found a runed translucent door.
   872 | D:2      | Noticed Crazy Yiuf
   882 | D:2      | Killed Crazy Yiuf
   883 | D:2      | Reached skill level 3 in Maces & Flails
   883 | D:2      | Reached XP level 3. HP: 6/34 MP: 3/3
  1326 | D:2      | Found a faded altar of an unknown god.
  1676 | D:3      | Reached XP level 4. HP: 44/44 MP: 4/4
  1684 | D:3      | Found a glowing drain.
  1694 | Sewer    | Entered a sewer
  1699 | Sewer    | Noticed a kobold brigand
  1741 | Sewer    | Killed a kobold brigand
  1742 | Sewer    | Reached skill level 4 in Maces & Flails
  1742 | Sewer    | Reached XP level 5. HP: 28/50 MP: 5/5
  1930 | Sewer    | Noticed a kobold brigand
  1949 | Sewer    | Killed a kobold brigand
  1950 | Sewer    | Reached skill level 5 in Maces & Flails
  1996 | Sewer    | Reached XP level 6. HP: 55/58 MP: 6/6
  2112 | Sewer    | Gained mutation: Your flesh is heat resistant. (rF+)
                  | [potion of mutation]
  2112 | Sewer    | Gained mutation: You are partially covered in iridescent
                  | scales. (AC +2) [potion of mutation]
  2112 | Sewer    | Gained mutation: You are partially covered in large bone
                  | plates. (SH +4) [potion of mutation]
  2123 | Sewer    | Slain by a crocodile

Illustrated notes

Levels and vault maps discovered:
D:1:      nzn_arrival_depleted_hourglass, layout_basic
D:2:      layout_loops_ring, shapermc_ecumenical_altar_venn,
          uniq_crazy_yiuf_cottage
D:3:      corexii_shack_village, layout_basic, portal_sewer_entry_e,
          minmay_diced_spiral
Sewer:    sewer_co_scattered_pipes

Skill      XL: |  1  2  3  4  5 |
---------------+----------------+-----
Maces & Flails | 3 4 5 |  5.7
Fighting       | 4 |  4.8
Armour         | |  2.4
Shields        | |  2.6

Action                     |  1- 3 |  4- 6 || total
---------------------------+-------+-------++-------
  Melee: Flail             |    85 |   100 ||   185
Ability: Spit Poison       |       |     1 ||     1
    Use: Potion            |     1 |     4 ||     5
         Scroll            |       |     4 ||     4
 Armour: Scale mail        |    32 |       ||    32
         Chain mail        |    27 |   104 ||   131
         Skin              |       |    32 ||    32
  Dodge: Dodged            |    28 |    23 ||    51
  Block: Buckler           |    15 |    25 ||    40

Table legend: (Time is in decaauts)
 A = Elapsed time spent in this place.
 B = Non-inter-level travel time spent in this place.
 C = Inter-level travel time spent in this place.
 D = Time resting spent in this place.
 E = Time spent auto-exploring this place.
 F = Levels seen in this place.
 G = Mean time per level.
                   A        B        C        D        E       F      G
               +--------+--------+--------+--------+--------+-----+--------+
         Total |   2763 |   2700 |     63 |    126 |   2144 |   4 |  690.8 |
       Dungeon |   2266 |   2203 |     63 |      0 |   1942 |   3 |  755.3 |
         Sewer |    497 |    497 |      0 |    126 |    202 |   1 |  497.0 |
               +--------+--------+--------+--------+--------+-----+--------+

Top non-repeatable levels by time:
     D:1: 1162 daAuts
     D:2: 1023 daAuts
   Sewer: 497 daAuts
     D:3: 80 daAuts
